[Event "Team 45 45 League T67"]
[Site "Internet Chess Club"]
[Date "2016.01.08"]
[Round "5"]
[White "Monterrey"]
[Black "jon314159"]
[Result "1-0"]
[WhiteElo "2058"]
[BlackElo "1605"]
[Opening "QGD: Tarrasch, Prague variation"]
[ECO "D33"]
[Time "20:00:29"]
[TimeControl "2700+45"]

1. d4 d5 2. Nf3 e6 3. c4 c5 4. cxd5 exd5 5. Nc3 Nf6 6. g3 Nc6 7. Bg2 Be6 8. O-O
Bd6 9. Bg5 O-O 10. Nb5 cxd4 11. Bxf6 gxf6 12. Nxd6 Qxd6 13. Nxd4 Nxd4 14. Qxd4
Qe5 15. Rfd1 Rfd8 16. Rac1 Qxd4 17. Rxd4 Rac8 18. Rxc8 Rxc8 19. Bxd5 Bxd5 20.
Rxd5 Rc1+ 21. Kg2 Rc2 22. Rb5 Rxe2 23. Rxb7 Kg7 24. Kf3 Rc2 25. a4 f5 26. a5 Kf6
27. b4 Ke6 28. Rxa7 Rb2 29. Rb7 Kd6 30. b5 Kc5 31. a6 Ra2 32. a7 f6 33. b6 Kc6
34. Rb8 {Black resigns} 1-0

[Event "Team 45 45 League T67"]
[Site "Internet Chess Club"]
[Date "2016.01.10"]
[Round "5"]
[White "joebobpop"]
[Black "chsrules88"]
[Result "0-1"]
[WhiteElo "1987"]
[BlackElo "2069"]
[Opening "Petrov: Nimzovich attack"]
[ECO "C42"]
[Time "20:26:47"]
[TimeControl "2700+45"]

1. e4 e5 2. Nf3 Nf6 3. Nxe5 d6 4. Nf3 Nxe4 5. Nc3 Nxc3 6. dxc3 Be7 7. Be3 O-O 8.
Bd3 Nc6 9. h3 Re8 10. Qd2 Ne5 11. Nxe5 dxe5 12. O-O-O Bd6 13. g4 Be6 14. Kb1 Qe7
15. f3 Rad8 16. Qf2 a6 17. h4 b5 18. g5 c5 19. h5 c4 20. Be4 b4 21. cxb4 Bxb4
22. Rdg1 Bc3 23. Bc5 Bd4 24. Bxd4 exd4 25. g6 h6 26. gxf7+ Bxf7 27. Bg6 d3 28.
cxd3 Bxg6 29. Rxg6 cxd3 30. Qd2 Qe2 31. Qxh6 Qe1+ 32. Rxe1 Rxe1+ 33. Qc1 d2 34.
Rc6 dxc1=Q+ 35. Rxc1 Rxc1+ 36. Kxc1 Rd3 37. f4 Rf3 38. Kc2 Rxf4 39. Kb3 Rf5 40.
Ka4 Rxh5 41. b4 Rb5 42. a3 g5 43. Kb3 g4 44. a4 Rb8 45. Kc4 g3 {White resigns}
0-1

[Event "Team 45 45 League T67"]
[Site "Internet Chess Club"]
[Date "2016.01.09"]
[Round "5"]
[White "room-matt"]
[Black "soccerisfun"]
[Result "0-1"]
[WhiteElo "1824"]
[BlackElo "1848"]
[Opening "Bishop's opening"]
[ECO "C23"]
[Time "00:16:21"]
[TimeControl "2700+45"]

1. e4 e5 2. Bc4 Nc6 3. Nc3 Bc5 4. f4 Bxg1 5. Rxg1 Qh4+ 6. Kf1 Nf6 7. Nb5 O-O 8.
Nxc7 Nd4 9. g3 Qxh2 10. Nxa8 d5 11. f5 Nxe4 12. Rg2 Qh1+ 13. Rg1 Nxg3+ 14. Kf2
Ne4+ 15. Kf1 Qh3+ 16. Rg2 Nf3 17. Bxd5 Qh1+ 18. Ke2 Qxg2+ 19. Ke3 Nfg5 20. Bxe4
Qxe4+ 21. Kf2 Nh3+ 22. Kg3 Qxf5 23. Qe1 Qg4+ 24. Kh2 Nf4 25. Qf1 Qh4+ 26. Kg1
Qg3+ 27. Kh1 Bh3 {White resigns} 0-1

[Event "Team 45 45 League T67"]
[Site "Internet Chess Club"]
[Date "2016.01.08"]
[Round "5"]
[White "Pomberito"]
[Black "NFork"]
[Result "1-0"]
[WhiteElo "2016"]
[BlackElo "2131"]
[Opening "English: four knights, kingside fianchetto"]
[ECO "A29"]
[Time "12:03:22"]
[TimeControl "2700+45"]

1. c4 e5 2. Nc3 Nf6 3. Nf3 Nc6 4. g3 Bb4 5. Bg2 d6 6. O-O Bxc3 7. bxc3 e4 8. Ng5
Bf5 9. f3 exf3 10. Rxf3 Bg6 11. Re3+ Kf8 12. d4 h6 13. Nh3 Ng4 14. Rf3 Be4 15.
Rf4 Bxg2 16. Kxg2 Nf6 17. Qd3 Qe7 18. Rb1 Nd8 19. Bd2 g5 20. Rf5 Ne4 21. Be3
Nxc3 22. Rbf1 Ne4 23. d5 Rg8 24. Bd4 Nc5 25. Bxc5 dxc5 26. Nf2 g4 27. Ne4 Rg6
28. R1f4 a5 29. Nf6 Ra6 30. Nxg4 Qd7 {Black resigns} 1-0

[Event "Team 45 45 League T67"]
[Site "Internet Chess Club"]
[Date "2016.01.08"]
[Round "5"]
[White "Roger43"]
[Black "f5"]
[Result "1-0"]
[WhiteElo "2080"]
[BlackElo "2022"]
[Opening "Sicilian: Nimzovich-Rossolimo attack (with ...g6, without ...d6)"]
[ECO "B31"]
[Time "17:00:53"]
[TimeControl "2700+45"]

1. e4 c5 2. Nf3 Nc6 3. Bb5 g6 4. Bxc6 dxc6 5. d3 Bg7 6. h3 Nf6 7. Nc3 Nd7 8. Be3
e5 9. Qd2 Qe7 10. Ne2 Nf8 11. Qc3 b6 12. b4 Nd7 13. O-O O-O 14. Rab1 Re8 15. a4
cxb4 16. Qxc6 Ba6 17. a5 Rec8 18. Qa4 b5 19. Qb3 Bf8 20. Bd2 Rc6 21. Qa2 Rac8
22. Bxb4 Qf6 23. c3 Bxb4 24. cxb4 Qd6 25. Qd2 Bb7 26. Rfd1 a6 27. Ng3 Kg7 28. d4
Qe7 29. dxe5 Nxe5 30. Nd4 Rf6 31. Qg5 Kh8 32. Ngf5 gxf5 33. Nxf5 Rg8 34. Qxg8+
Kxg8 35. Nxe7+ Kg7 36. Nf5+ Kg6 37. f3 Nc4 38. Rd7 Bc6 39. Ra7 Be8 40. Rd1 Re6
41. Rd8 {Black resigns} 1-0

[Event "Team 45 45 League T67"]
[Site "Internet Chess Club"]
[Date "2016.01.11"]
[Round "5"]
[White "primerpaso"]
[Black "PolishRyszard"]
[Result "0-1"]
[WhiteElo "1870"]
[BlackElo "1917"]
[Opening "English: Sicilian reversed"]
[ECO "A25"]
[Time "14:02:42"]
[TimeControl "2700+45"]

1. c4 e5 2. Nc3 Nc6 3. g3 f5 4. Bg2 Nf6 5. e3 d5 6. Nxd5 Nxd5 7. cxd5 Nb4 8. Ne2
Nd3+ 9. Kf1 Bd6 10. f4 e4 11. h4 O-O 12. g4 fxg4 13. Bxe4 Nc5 14. Bb1 Qe7 15. d3
a5 16. Ng3 Bd7 17. Qc2 Bb5 18. Qd1 Qf7 19. Kf2 Qxd5 20. a4 Nxd3+ 21. Kg1 Bc4 22.
b3 Nxc1 23. Qc2 Bd3 24. Qxc1 Bxb1 25. Rxb1 Qf3 26. Nf1 Rae8 27. Rb2 b6 28. Qc4+
Kh8 29. Qe2 Qxe2 30. Rxe2 Bxf4 31. e4 h5 32. Kg2 Kh7 {White resigns} 0-1

[Event "Team 45 45 League T67"]
[Site "Internet Chess Club"]
[Date "2016.01.09"]
[Round "5"]
[White "LordKinbote"]
[Black "calsal"]
[Result "0-1"]
[WhiteElo "1666"]
[BlackElo "1764"]
[Opening "Scandinavian defense"]
[ECO "B01"]
[Time "13:03:51"]
[TimeControl "2700+45"]

1. e4 d5 2. exd5 Nf6 3. d4 Bg4 4. Nf3 Qxd5 5. Be2 e6 6. O-O Nc6 7. c4 Qd7 8. Be3
O-O-O 9. Nbd2 Bb4 10. Nb3 Bd6 11. h3 Bh5 12. c5 Be7 13. Nbd2 Nd5 14. Bb5 f6 15.
Qa4 Kb8 16. g4 Be8 17. Nc4 a6 18. Bxc6 Qxc6 19. Qc2 Nf4 20. Ncd2 Nxh3+ 21. Kh2
Ng5 22. Bxg5 fxg5 23. Rfe1 h5 24. Kg3 Bd6+ 25. Ne5 hxg4 26. Ne4 Bxe5+ 27. dxe5
Bg6 28. Qe2 Rh3+ 29. Kxg4 Bf5+ 30. Kxg5 Qe8 31. Rg1 Qe7+ 32. Kf4 Rf8 33. f3
Bxe4+ 34. Kxe4 Qh4+ 35. Rg4 Qh7+ 36. Ke3 Qh6+ 37. Ke4 g5 38. Rag1 Qg6+ 39. Ke3
Qf5 40. R1g3 Qxe5+ 41. Kf2 Rh2+ 42. Rg2 Qxc5+ 43. Ke1 Qc1+ 44. Qd1 Rh1+ 45. Rg1
Qe3+ {White resigns} 0-1

[Event "Team 45 45 League T67"]
[Site "Internet Chess Club"]
[Date "2016.01.10"]
[Round "5"]
[White "rusano"]
[Black "Invicta-Knight"]
[Result "1-0"]
[WhiteElo "1745"]
[BlackElo "1622"]
[Opening "Trompowsky attack (Ruth, Opocenský opening)"]
[ECO "A45"]
[Time "15:03:32"]
[TimeControl "2700+45"]

1. d4 Nf6 2. Bg5 g6 3. Bxf6 exf6 4. e4 Bg7 5. Nf3 d6 6. Nc3 Bd7 7. Bc4 Qe7 8.
O-O Nc6 9. d5 Ne5 10. Nxe5 Qxe5 11. f4 Qe7 12. f5 gxf5 13. exf5 O-O-O 14. Re1
Qf8 15. Qd4 Re8 16. Qxa7 Bxf5 17. Qa8+ Kd7 18. Bb5+ c6 19. Qxb7+ Kd8 {Black
resigns} 1-0

[Event "Team 45 45 League T67"]
[Site "Internet Chess Club"]
[Date "2016.01.09"]
[Round "5"]
[White "parrot9"]
[Black "SirIvanhoe"]
[Result "1-0"]
[WhiteElo "1687"]
[BlackElo "1521"]
[Opening "Caro-Kann: classical variation"]
[ECO "B18"]
[Time "14:01:15"]
[TimeControl "2700+45"]

1. e4 c6 2. d4 d5 3. Nc3 dxe4 4. Nxe4 Bf5 5. Ng3 Bg6 6. Nf3 Nd7 7. Bd3 Bxd3 8.
Qxd3 Ngf6 9. Bd2 e6 10. O-O-O Qb6 11. Qe2 Bb4 12. Bxb4 Qxb4 13. Ne5 O-O 14. Nxd7
Nxd7 15. Ne4 Qa5 16. Kb1 Rfd8 17. h4 Qb5 18. Qxb5 cxb5 19. Nd6 a5 20. Nxb5 a4
21. Rh3 Ra5 22. Nd6 Rb8 23. a3 Nf6 24. Rf3 Rd5 25. Nc4 b5 26. Ne5 Rc8 27. g4 Rc7
28. g5 Nh5 29. Rdd3 g6 30. c3 Kg7 31. Rde3 Kg8 32. Ng4 Re7 33. Nh6+ Kg7 34. Ng4
Rc7 35. Re5 Rxe5 36. Nxe5 Kg8 37. Kc2 Ng7 38. b3 Nf5 39. Rf4 Kg7 40. bxa4 bxa4
41. Nd3 Ne7 42. Nc5 Nd5 43. Re4 Ra7 44. c4 Nb6 45. Kc3 Nd7 46. Nxd7 Rxd7 47. Kb4
Ra7 48. Re5 Rd7 49. d5 exd5 50. Rxd5 Ra7 51. Ra5 Rb7+ 52. Kxa4 Rb2 53. c5 Rxf2
54. c6 Rf4+ 55. Kb5 Rxh4 56. c7 Rg4 57. c8=Q Rxg5+ 58. Kb6 Rg3 59. a4 Rb3+ 60.
Rb5 Re3 61. a5 h5 62. Qc5 Re6+ 63. Kc7 Ra6 64. Qe5+ Kh6 65. Qg5+ Kg7 66. Rb6
Ra7+ 67. Kb8 Rd7 68. Qf6+ Kg8 69. Rc6 {Black resigns} 1-0

[Event "Team 45 45 League T67"]
[Site "Internet Chess Club"]
[Date "2016.01.09"]
[Round "5"]
[White "skuhl99"]
[Black "herrahuu"]
[Result "0-1"]
[WhiteElo "1466"]
[BlackElo "1514"]
[Opening "Réti opening"]
[ECO "A11"]
[Time "11:00:25"]
[TimeControl "2700+45"]

1. Nf3 c6 2. c4 d5 3. cxd5 cxd5 4. g3 Nf6 5. Bg2 Nc6 6. d3 Bf5 7. a3 e6 8. b4 a6
9. O-O Be7 10. Nc3 O-O 11. Bb2 Rc8 12. Nh4 Bg6 13. Nxg6 hxg6 14. Rc1 b5 15. e3
Qb6 16. Ne2 e5 17. Qb3 Rfd8 18. Rc2 a5 19. bxa5 Nxa5 20. Rxc8 Nxb3 21. Rxd8+
Bxd8 22. Bxe5 Ng4 23. Bc3 Bf6 24. Bb4 d4 25. e4 Ne5 26. Rb1 Nc5 {White resigns}
0-1

[Event "Team 45 45 League T67"]
[Site "Internet Chess Club"]
[Date "2016.01.06"]
[Round "5"]
[White "cayo89"]
[Black "krysto"]
[Result "0-1"]
[WhiteElo "1596"]
[BlackElo "1578"]
[Opening "French: exchange variation"]
[ECO "C01"]
[Time "20:17:07"]
[TimeControl "2700+45"]

1. e4 e6 2. d4 d5 3. exd5 exd5 4. c4 Nf6 5. Nf3 Bb4+ 6. Nc3 O-O 7. a3 Bxc3+ 8.
bxc3 Re8+ 9. Be2 dxc4 10. O-O b5 11. Bg5 Nbd7 12. a4 c6 13. Qc2 Bb7 14. Rad1 Qc7
15. Bh4 a6 16. Rfe1 Nd5 17. Bg3 Qa5 18. Rc1 N7b6 19. axb5 cxb5 20. Ng5 Nf6 21.
Be5 Nbd5 22. Bf3 g6 23. Bxf6 Rxe1+ 24. Rxe1 Nxc3 25. Bxb7 Nd5 26. Bxd5 Qxe1#
{White checkmated} 0-1

[Event "Team 45 45 League T67"]
[Site "Internet Chess Club"]
[Date "2016.01.09"]
[Round "5"]
[White "portis2"]
[Black "elessar"]
[Result "1/2-1/2"]
[WhiteElo "1548"]
[BlackElo "1644"]
[Opening "QGD: classical variation (5.Bf4)"]
[ECO "D37"]
[Time "12:00:32"]
[TimeControl "2700+45"]

1. d4 d5 2. c4 e6 3. Nc3 Nf6 4. Nf3 Be7 5. Bf4 O-O 6. e3 Nbd7 7. c5 c6 8. b4 Nh5
9. Bd3 Nxf4 10. exf4 Nf6 11. Ne5 Nd7 12. a4 Nxe5 13. fxe5 Bd7 14. Qc2 g6 15. O-O
Kg7 16. a5 a6 17. Na4 Qc7 18. Nb6 Rad8 19. f4 f5 20. Rfc1 Kh8 21. Nxd7 Qxd7 22.
b5 axb5 23. a6 bxa6 24. Rxa6 Ra8 25. Rca1 Rxa6 26. Rxa6 Rb8 27. Qa2 Rb7 28. Rb6
Bd8 29. Qa8 Ra7 30. Qb8 Kg7 31. Rxc6 Ra1+ 32. Bf1 Qxc6 33. Qxd8 Ra8 34. Qe7+ Kg8
35. Bxb5 Ra1+ 36. Bf1 Qa6 37. Qd8+ Kg7 38. Qe7+ Kg8 {Game drawn by mutual
agreement} 1/2-1/2

[Event "Team 45 45 League T67"]
[Site "Internet Chess Club"]
[Date "2016.01.07"]
[Round "5"]
[White "Hal2001"]
[Black "scostanzo212"]
[Result "1-0"]
[WhiteElo "1661"]
[BlackElo "1499"]
[Opening "Sicilian: Grand Prix attack"]
[ECO "B23"]
[Time "19:02:37"]
[TimeControl "2700+45"]

1. e4 c5 2. Nc3 Nc6 3. f4 g6 4. Nf3 Bg7 5. Bc4 e6 6. d3 Nge7 7. a3 O-O 8. O-O d5
9. Ba2 b6 10. Qe1 Bb7 11. f5 exf5 12. exf5 Nxf5 13. Bg5 Qd7 14. Nxd5 Qd6 15. c3
Rfe8 16. Qd2 Nce7 17. Bf4 Qd8 18. Nc7 Nd5 19. Nxe8 Qxe8 20. Rae1 Qc6 21. Re4
Nxf4 22. Qxf4 Bh6 23. Qe5 Bg7 24. Qf4 Qd7 25. Ne5 Bxe5 26. Rxe5 Qxd3 27. g4 Qh3
28. Rf2 Rd8 29. Re1 Rd3 30. gxf5 Be4 31. f6 Rg3+ 32. Qxg3 {Black resigns} 1-0

[Event "Team 45 45 League T67"]
[Site "Internet Chess Club"]
[Date "2016.01.09"]
[Round "5"]
[White "Berke"]
[Black "Constrictor"]
[Result "1/2-1/2"]
[WhiteElo "1561"]
[BlackElo "1611"]
[Opening "Alekhine's defense: modern, Flohr variation"]
[ECO "B05"]
[Time "12:00:33"]
[TimeControl "2700+45"]

1. e4 Nf6 2. e5 Nd5 3. d4 d6 4. Nf3 Bg4 5. Be2 c6 6. O-O Bxf3 7. Bxf3 dxe5 8.
dxe5 e6 9. Qe2 Nd7 10. Rd1 Qc7 11. Re1 O-O-O 12. c4 Ne7 13. Nc3 Ng6 14. Bg5 Be7
15. Bxe7 Nxe7 16. Rac1 Ng6 17. Nb5 Qxe5 18. Qd2 {Game drawn by mutual agreement}
1/2-1/2

[Event "Team 45 45 League T67"]
[Site "Internet Chess Club"]
[Date "2016.01.07"]
[Round "5"]
[White "kutch"]
[Black "fireball"]
[Result "1-0"]
[WhiteElo "1537"]
[BlackElo "1593"]
[Opening "Budapest: Adler variation"]
[ECO "A52"]
[Time "19:05:51"]
[TimeControl "2700+45"]

1. d4 Nf6 2. c4 e5 3. dxe5 Ng4 4. Nf3 Bc5 5. e3 Nc6 6. Qd5 d6 7. exd6 Bxd6 8. a3
Be6 9. Qe4 a5 10. Be2 Qf6 11. O-O O-O-O 12. Bd3 g6 13. Kh1 Bf5 14. Qd5 Kb8 15.
Bxf5 gxf5 16. Qb5 Bxh2 17. e4 fxe4 18. Bg5 Qg6 19. Nxh2 Qh5 20. Bf4 f5 21. Kg1
Nd4 22. Qc5 Ne2+ 23. Kh1 Nxf2+ 24. Qxf2 Nd4 25. Nc3 Ne6 26. Rad1 Rde8 27. Rd5
Rhf8 28. Nxe4 Nxf4 29. Qxf4 Rxe4 30. Qxe4 Re8 31. Qxf5 Qe2 32. Qf2 Qe4 33. Rd4
Qe5 34. Rf4 h5 35. Rf8 Rxf8 36. Qxf8+ Ka7 37. Qf2+ b6 38. Qf5 Qxb2 39. Qc8 Qe5
40. Rf7 Qe1+ 41. Rf1 Qe5 42. Qf5 Qd6 43. Qf7 Ka6 44. Qf8 {Black resigns} 1-0

[Event "Team 45 45 League T67"]
[Site "Internet Chess Club"]
[Date "2016.01.09"]
[Round "5"]
[White "mongmong"]
[Black "jpokerflat"]
[Result "1-0"]
[WhiteElo "1556"]
[BlackElo "1386"]
[Opening "Colle system"]
[ECO "D05"]
[Time "06:02:08"]
[TimeControl "2700+45"]

1. d4 d5 2. Nf3 Nf6 3. e3 e6 4. Bd3 c5 5. c3 Nc6 6. Nbd2 Bd6 7. Qe2 O-O 8. dxc5
Bxc5 9. e4 Re8 10. e5 Ng4 11. O-O Qc7 12. Bb5 Bd7 13. Bxc6 Bxc6 14. h3 Nh6 15.
Nb3 Bf8 16. Bxh6 gxh6 17. Nbd4 Bg7 18. Rfe1 a6 19. Nh2 b5 20. Qh5 Rac8 21. Ng4
Qe7 22. Nxh6+ Bxh6 23. Qxh6 Qf8 24. Qxf8+ Rxf8 25. Re3 Kh8 26. Rg3 f6 27. Nxe6
Rfe8 28. Ng7 Rxe5 29. f4 Re4 30. Rf1 d4 31. cxd4 Rxd4 32. Nf5 Rdd8 33. Rc1 Be8
34. Rxc8 Rxc8 35. Rc3 Rxc3 36. bxc3 Bd7 37. Nd4 Kg7 38. Kf2 Kf7 39. Ke3 h5 40.
h4 f5 41. g3 Kf6 42. Nf3 Ke6 43. Kd4 Kd6 44. Ne5 Be6 45. a3 Bd5 46. Nd3 Be6 47.
Nb4 Bc8 48. c4 bxc4 49. Kxc4 Bb7 50. Nc2 Be4 51. Ne3 Kc6 52. Kb4 Kb6 53. Nc4+
Kc6 54. Ne5+ Kd5 55. Kc3 Kc5 56. Nd7+ Kb5 57. Nf6 Bf3 58. Ne8 Kc5 59. Ng7 Bg4
60. Ne6+ Kb5 61. Nc7+ Kb6 62. Nd5+ Kc5 63. Nb4 Kb5 64. Nc2 Kc5 65. Ne3 Bh3 66.
a4 Kc6 67. Kd4 Kd6 68. Nc4+ Ke6 69. Kc5 Bf1 70. Ne5 Ke7 71. a5 Be2 72. Nc6+ Kd7
73. Nd4 Bd3 74. Kd5 Kc7 75. Ke5 Kb7 76. Nxf5 {Black resigns} 1-0

[Event "Team 45 45 League T67"]
[Site "Internet Chess Club"]
[Date "2016.01.08"]
[Round "5"]
[White "medsurg"]
[Black "GideonL"]
[Result "1-0"]
[WhiteElo "1365"]
[BlackElo "1398"]
[Opening "QGD Slav: 4.Nc3"]
[ECO "D15"]
[Time "18:01:32"]
[TimeControl "2700+45"]

1. d4 d5 2. Nf3 Nf6 3. c4 c6 4. Nc3 Bf5 5. e3 Nbd7 6. cxd5 cxd5 7. Bb5 Qb6 8.
O-O e6 9. a3 Ne4 10. Bxd7+ Kxd7 11. Nxe4 Bxe4 12. Ne5+ Ke8 13. Qa4+ {Black
resigns} 1-0

[Event "Team 45 45 League T67"]
[Site "Internet Chess Club"]
[Date "2016.01.11"]
[Round "5"]
[White "dabodhi"]
[Black "Aquaman"]
[Result "1-0"]
[WhiteElo "1449"]
[BlackElo "1330"]
[Opening "Sicilian: accelerated fianchetto, modern variation"]
[ECO "B34"]
[Time "20:01:52"]
[TimeControl "2700+45"]

1. e4 c5 2. Nf3 g6 3. d4 cxd4 4. Nxd4 Nc6 5. Nc3 Bg7 6. Be3 Nf6 7. h3 O-O 8. Qd2
d6 9. Bh6 Bxh6 10. Qxh6 Nxd4 11. Qd2 Nc6 12. O-O-O a6 13. Qe3 Qc7 14. f4 e6 15.
g4 b5 16. a3 Ne8 17. h4 b4 18. axb4 Nxb4 19. h5 Qa7 20. Qg3 f5 21. hxg6 hxg6 22.
gxf5 exf5 23. Qxg6+ Qg7 24. Bc4+ Rf7 25. Bxf7+ Kf8 26. Qxg7+ Kxg7 27. Bxe8 Bb7
28. Rdg1+ Kf8 29. Rh8+ Ke7 30. Rg7+ Kf6 31. Rxb7 a5 32. Rh6# {Black checkmated}
1-0

[Event "Team 45 45 League T67"]
[Site "Internet Chess Club"]
[Date "2016.01.09"]
[Round "5"]
[White "Elalfer"]
[Black "Invicta-Knight"]
[Result "0-1"]
[WhiteElo "1580"]
[BlackElo "1634"]
[Opening "Benkö gambit accepted"]
[ECO "A58"]
[Time "12:00:45"]
[TimeControl "2700+45"]

1. d4 Nf6 2. c4 c5 3. d5 b5 4. cxb5 a6 5. bxa6 Bxa6 6. Nc3 d6 7. Nf3 g6 8. e4
Bxf1 9. Kxf1 Bg7 10. g3 Nbd7 11. Kg2 O-O 12. Qe2 Qb6 13. Re1 Ne8 14. Bg5 Ndf6
15. e5 dxe5 16. Nxe5 Qb7 17. Kg1 Nd6 18. Nd3 Nxd5 19. Qf3 Nxc3 20. Qxb7 Nxb7 21.
Rxe7 Rfd8 22. Rxb7 Rxd3 23. bxc3 Bxc3 24. Rc1 Bd4 25. Rc2 Rda3 26. Bh6 f5 27.
Rc7 Rxa2 28. Rxa2 Rxa2 29. Be3 Bxe3 30. fxe3 Rc2 31. e4 fxe4 32. Re7 c4 33. Rxe4
c3 34. Re3 Rc1+ 35. Kf2 c2 36. Rc3 Rh1 {White resigns} 0-1

[Event "Team 45 45 League T67"]
[Site "Internet Chess Club"]
[Date "2016.01.10"]
[Round "5"]
[White "bardu"]
[Black "Visin"]
[Result "1-0"]
[WhiteElo "1410"]
[BlackElo "1280"]
[Opening "QGD Slav: 4.Nc3"]
[ECO "D15"]
[Time "13:09:27"]
[TimeControl "2700+45"]

1. d4 d5 2. c4 c6 3. Nf3 Nf6 4. Nc3 Bg4 5. Ne5 Nbd7 6. Nxg4 Nxg4 7. cxd5 cxd5 8.
Nxd5 Qa5+ 9. Nc3 e6 10. e4 Ngf6 11. Bd2 a6 12. e5 Nd5 13. Nxd5 Qxd5 14. Be3 Bb4+
15. Ke2 Rc8 16. g3 O-O 17. Rg1 Qc4+ 18. Qd3 Qc2+ 19. Bd2 Bxd2 20. Qxd2 Qe4+ 21.
Kd1 Rc7 22. Bg2 Qg4+ 23. f3 Qg6 24. Rc1 Rfc8 25. Rxc7 Rxc7 26. Re1 Qb1+ 27. Ke2
Qxa2 28. Rc1 Rxc1 29. Qxc1 Qd5 30. Qc8+ Nf8 31. Qc3 g6 32. Kf2 b5 33. b4 Qc4 34.
Qxc4 bxc4 35. Ke2 Nd7 36. Kd2 Kg7 37. Kc3 Nb6 38. f4 f6 39. exf6+ Kxf6 40. Bb7
Nd5+ 41. Kxc4 Nc7 42. Kc5 Ke7 43. Kc6 Nb5 44. Bxa6 Nxd4+ 45. Kc7 Kf6 46. b5
Nxb5+ 47. Bxb5 g5 48. fxg5+ Kxg5 49. Be2 e5 50. Kd6 Kf5 51. h3 h6 52. g4+ Kf6
53. h4 e4 54. Kd5 e3 55. Ke4 {Black resigns} 1-0

[Event "Team 45 45 League T67"]
[Site "Internet Chess Club"]
[Date "2016.01.09"]
[Round "5"]
[White "guyd52"]
[Black "BrerRabbit"]
[Result "1-0"]
[WhiteElo "1340"]
[BlackElo "1455"]
[Opening "Réti opening"]
[ECO "A04"]
[Time "19:03:47"]
[TimeControl "2700+45"]

1. Nf3 d6 2. g3 e5 3. d3 f5 4. Bg2 Nf6 5. b3 Be7 6. Bb2 O-O 7. Nc3 Nbd7 8. Qd2
Rb8 9. O-O-O b6 10. Ng5 Nc5 11. f3 Ne6 12. h4 h6 13. Nh3 Bb7 14. e4 fxe4 15.
dxe4 Nc5 16. Kb1 a5 17. a4 Qe8 18. Nf2 Nh5 19. Rh3 Nf6 20. Nd3 Nxd3 21. Qxd3 Qf7
22. g4 Bc8 23. Rg3 c6 24. Bc1 Ra8 25. g5 Nh5 26. gxh6 Nf4 27. Rxg7+ Qxg7 28.
hxg7 Nxd3 29. gxf8=Q+ Kxf8 30. Rxd3 Bxh4 31. Rxd6 {Black resigns} 1-0

[Event "Team 45 45 League T67"]
[Site "Internet Chess Club"]
[Date "2016.01.08"]
[Round "5"]
[White "PsyMar"]
[Black "stasis009"]
[Result "0-1"]
[WhiteElo "1437"]
[BlackElo "1249"]
[Opening "Scotch game"]
[ECO "C45"]
[Time "15:00:35"]
[TimeControl "2700+45"]

1. e4 e5 2. Nf3 Nc6 3. d4 exd4 4. Nxd4 Bb4+ 5. c3 Bc5 6. Be3 Qf6 7. Bc4 Nge7 8.
O-O O-O 9. Nxc6 Qxc6 10. Bxc5 Qxc5 11. Nd2 a5 12. Kh1 b5 13. Bb3 a4 14. Bc2 d6
15. a3 Re8 16. f4 Bb7 17. Rc1 Ng6 18. f5 Ne5 19. g4 Nc4 20. Nxc4 Qxc4 21. Rf4
Bxe4+ 22. Bxe4 Rxe4 23. Rxe4 Qxe4+ 24. Kg1 Re8 25. h4 Qe3+ 26. Kf1 Re4 27. Rc2
Qh3+ 28. Kg1 Rxg4+ {White resigns} 0-1

[Event "Team 45 45 League T67"]
[Site "Internet Chess Club"]
[Date "2016.01.10"]
[Round "5"]
[White "DIonized"]
[Black "RD1974"]
[Result "0-1"]
[WhiteElo "1299"]
[BlackElo "1687"]
[Opening "French: advance, Paulsen attack"]
[ECO "C02"]
[Time "19:09:30"]
[TimeControl "2700+45"]

1. e4 e6 2. d4 d5 3. e5 c5 4. c3 Nc6 5. Nf3 Nh6 6. Bxh6 gxh6 7. Bb5 Bd7 8. O-O
a6 9. Ba4 Na5 10. Bc2 Bg7 11. dxc5 Nc4 12. Qe2 Qc7 13. Re1 Nxb2 14. Bxh7 Na4 15.
Bd3 Nxc5 16. Nbd2 Na4 17. c4 Nc3 18. Qe3 dxc4 19. Bxc4 Nb5 20. a4 Na7 21. Rec1
Nc6 22. Bd3 Bxe5 23. Nxe5 Qxe5 24. Qb6 Rb8 25. Re1 Qc3 26. Qe3 Nb4 27. Be4 Qxe3
28. Rxe3 Bc6 29. Bxc6+ Nxc6 30. h4 b5 31. axb5 axb5 32. Rea3 Ke7 33. Ne4 Rb6 34.
Nc5 Rhb8 35. Rd1 b4 36. Rd7+ Kf6 37. Rf3+ Kg6 38. Rdxf7 Ne5 39. R7f6+ Kh7 40.
Re3 b3 41. Nxb3 Ng4 42. Rf7+ Kg8 43. Rff3 Nxe3 44. Rxe3 Rxb3 45. Rxb3 Rxb3 46.
Kh2 Kg7 47. g3 h5 48. Kh3 Kg6 49. f4 Kf5 50. Kg2 Kg4 51. Kf2 Rxg3 {White
resigns} 0-1

[Event "Team 45 45 League T67"]
[Site "Internet Chess Club"]
[Date "2016.01.11"]
[Round "5"]
[White "Bible-Believer"]
[Black "QuimCatala"]
[Result "0-1"]
[WhiteElo "1476"]
[BlackElo "1420"]
[Opening "Sicilian: Nimzovich-Rossolimo attack (with ...g6, without ...d6)"]
[ECO "B31"]
[Time "12:00:35"]
[TimeControl "2700+45"]

1. e4 c5 2. Nf3 Nc6 3. Bb5 g6 4. O-O d6 5. d4 cxd4 6. Nxd4 Bd7 7. Nc3 e5 8. Nf3
Be7 9. Re1 a6 10. Bf1 b5 11. Nd5 Bg4 12. h3 Be6 13. Be3 Nf6 14. Bb6 Qc8 15. Nc7+
Kf8 16. Nxa8 Qxa8 17. Qd2 Kg7 18. Bc7 d5 19. exd5 Nxd5 20. Bxe5+ f6 21. Bf4 Qc8
22. Nd4 Nxd4 23. Qxd4 Kf7 24. c3 Bc5 25. Qe4 Re8 26. Qf3 Nxf4 27. Qxf4 g5 28.
Qf3 Kg7 29. Bd3 Qd7 30. a3 g4 31. Qd1 g3 32. Kf1 Bxf2 33. Re2 Rd8 34. Rd2 Qd5
35. Qf3 Qxf3 36. gxf3 Bxh3+ 37. Ke2 Re8+ 38. Be4 f5 39. Rh1 g2 40. Rxh3 g1=Q 41.
Rd7+ Kg8 42. Rhxh7 Qe1+ 43. Kd3 fxe4+ 44. Kc2 Qe2+ 45. Kb1 Qf1+ 46. Kc2 Qg2
{White resigns} 0-1

[Event "Team 45 45 League T67"]
[Site "Internet Chess Club"]
[Date "2016.01.09"]
[Round "5"]
[White "tamky70"]
[Black "chesskix"]
[Result "1-0"]
[WhiteElo "1347"]
[BlackElo "1505"]
[Opening "Queen's pawn game"]
[ECO "A46"]
[Time "20:01:02"]
[TimeControl "2700+45"]

1. d4 Nf6 2. Nf3 e6 3. g3 Be7 4. Bg2 O-O 5. O-O c6 6. Nbd2 d5 7. c3 Nbd7 8. Re1
Nb6 9. e4 dxe4 10. Nxe4 Nxe4 11. Rxe4 Nd5 12. Re1 Bf6 13. Ne5 Ne7 14. Ng4 Ng6
15. Nxf6+ Qxf6 16. Qf3 Qd8 17. h4 f5 18. Bg5 Qb6 19. h5 Nh8 20. Be7 Rf7 21. Ba3
Bd7 22. Re5 Rc8 23. Rae1 Rf6 24. R1e2 Nf7 25. Be7 Nxe5 26. dxe5 Rh6 27. Bg5 c5
28. Bxh6 gxh6 29. Qf4 Kg7 30. Rd2 Bc6 31. Bxc6 Qxc6 32. Rd6 Qe8 33. Qh4 Qf7 34.
Qc4 Rc6 35. Rxc6 bxc6 36. Qxc5 Qxh5 37. Qxc6 Qf7 38. b4 h5 39. Qc4 Qd7 40. b5
Kf7 41. a4 Qd1+ 42. Kg2 Qd7 43. Kh2 Ke8 44. Qh4 Qf7 45. a5 Kd7 46. Qd4+ Kc8 47.
a6 Qd7 48. Qc5+ Kb8 49. Qf8+ Kc7 50. Qc5+ Kb8 51. b6 axb6 52. Qxb6+ Ka8 53. c4
h4 54. gxh4 f4 55. Qd6 Qa7 56. Qf8+ Qb8 57. Qxf4 Qb6 58. Qf8+ Ka7 59. c5 Qxa6
60. Qe7+ Kb8 61. Qd6+ Qxd6 62. exd6 Kc8 63. Kg3 Kd7 64. Kf4 Kc6 65. Ke5 Kd7 66.
h5 h6 67. f3 Kc6 68. Kxe6 Kxc5 69. d7 {Black resigns} 1-0

[Event "Team 45 45 League T67"]
[Site "Internet Chess Club"]
[Date "2016.01.07"]
[Round "5"]
[White "kingsrook"]
[Black "Fogbound"]
[Result "0-1"]
[WhiteElo "1361"]
[BlackElo "1305"]
[Opening "Nimzo-Indian: Reshevsky variation"]
[ECO "E46"]
[Time "14:30:31"]
[TimeControl "2700+45"]

1. d4 Nf6 2. c4 e6 3. Nc3 Bb4 4. e3 O-O 5. Ne2 Ne4 6. Qc2 Qh4 7. g3 Qg4 8. Bg2
Ng5 9. O-O Nf3+ 10. Kh1 Qh5 11. h3 Ng5 12. Nf4 Qh6 13. e4 Nc6 14. Be3 Qf6 15. e5
Qe7 16. h4 f5 17. hxg5 Qxg5 18. Kg1 a6 19. Nd3 Qe7 20. c5 a5 21. a3 Bxc3 22.
Qxc3 Qf7 23. Nf4 Ne7 24. Rad1 c6 25. a4 g5 26. Ne2 Qg6 27. Qd3 f4 28. Be4 Qh5
29. gxf4 g4 30. Ng3 Qh4 31. Bc1 Nf5 32. Bxf5 exf5 33. Nxf5 Qh3 {White forfeits
on time} 0-1